Map: Disco Bloodbath LE

Players

pHARM - Winner!

  • Race: Zerg Zerg
  • League: Platinum
  • Spawn Location: 3:00

ECKiller

  • Race: Terran Terran
  • League: Platinum
  • Spawn Location: 9:00

VOD

Have the link to the VOD?

Description

Time

  • Played on: Aug. 21, 2019, 12:08 a.m.
  • Length: 29:19
Show
View Real Time Build Order
Export as new Build Order

pHARM Zerg - Winner!

Build Orders: Hatch First, Zergling Baneling 

Get SALT Encoding   

  12  0:01  Drone  
  13  0:13  Overlord  
  13  0:16  Drone  
  14  0:35  Drone x2  
  16  0:38  Drone  
  17  0:50  Drone  
  18  0:59  Hatchery  
  17  1:06  Drone  
  18  1:20  Spawning Pool  
  18  1:22  Drone  
  18  1:23  Drone  
  19  1:29  Drone  
  20  1:40  Drone  
  20  1:41  Extractor  
  20  1:53  Overlord  
  20  2:08  Queen  
  20  2:12  Zergling x2  
  20  2:13  Zergling x4  
  20  2:14  Queen  
  27  2:29  Zergling x4  
  29  2:37  Spine Crawler  
  28  2:51  Queen  
  28  2:56  Lair  
  28  2:58  Drone x6  
  36  3:23  Overlord  
  36  3:24  Overlord  
  36  3:33  Baneling Nest  
  35  3:37  Evolution Chamber  
  34  3:46  Drone x6  
  40  4:07  Evolution Chamber, Drone x4  
  40  4:08  Drone  
  44  4:17  Overlord  
  44  4:35  Zergling x12  
  50  4:55  Baneling x10  
  50  5:00  Zergling x16  
  58  5:13  Metabolic Boost  
  58  5:16  Spore Crawler  
  58  5:17  Spine Crawler  
  58  5:20  Spine Crawler  
  58  5:21  Spore Crawler, Overlord x2  
  54  5:22  Overlord  
  54  5:43  Drone  
  54  5:44  Drone x5  
  56  6:17  Extractor  
  55  6:18  Extractor  
  41  6:26  Queen x2  
  43  6:42  Baneling x5  
  43  6:43  Zergling x6, Baneling x4  
  43  6:44  Zergling x24  
  56  7:06  Baneling Nest  
  49  7:17  Queen x2  
  51  7:33  Drone  
  51  7:34  Drone x4  
  55  7:51  Drone x5  
  56  7:56  Extractor  
  59  8:17  Hydralisk Den  
  58  8:35  Hatchery  
  57  8:49  Drone x3  
  57  8:50  Extractor, Drone  
  57  8:51  Drone  
  61  9:02  Grooved Spines  
  35  9:19  Zergling x18  
  35  9:34  Queen x2  
  37  9:59  Drone x3  
  44  10:00  Drone x4  
  39  10:26  Drone  
  39  10:27  Drone x2  
  42  10:30  Spore Crawler  
  42  10:32  Hydralisk  
  43  10:36  Muscular Augments  
  43  10:49  Drone x3  
  46  10:57  Hydralisk  
  48  11:07  Baneling  
  48  11:08  Zergling x2, Baneling x10  
  48  11:09  Zergling x6  
  38  11:56  Hydralisk x4  
  38  11:57  Hydralisk x5  
  56  12:18  Hatchery  
  55  12:25  Spire  
  54  12:34  Hydralisk x2, Drone  
  54  12:35  Drone x5  
  64  12:54  Hydralisk x3  
  64  12:55  Drone x2  
  72  13:08  Zergling x6  
  75  13:14  Baneling Nest  
  75  13:19  Baneling  
  74  13:21  Centrifical Hooks  
  74  13:23  Zergling x2  
  74  13:26  Overlord x4  
  75  13:30  Baneling x6  
  75  13:39  Mutalisk  
  77  13:43  Zergling x8  
  79  13:54  Zergling x16  
  85  14:02  Zergling x2  
  86  14:03  Zergling x6  
  86  14:05  Baneling x6  
  86  14:06  Zergling x2  
  90  14:14  Corruptor x2  
  71  14:31  Zergling x12  
  55  14:39  Zergling x4  
  55  14:43  Zerg Flyer Armor Level 1  
  53  14:59  Zergling x2  
  48  15:00  Zergling x12  
  47  15:12  Zergling x18  
  51  15:17  Zergling x2  
  52  15:24  Queen x2  
  54  15:42  Drone x9  
  63  15:52  Infestation Pit  
  62  16:04  Drone  
  62  16:05  Drone x6  
  69  16:14  Hatchery  
  69  16:15  Hydralisk x2  
  72  16:21  Extractor  
  71  16:27  Extractor  
  71  16:28  Hive  
  70  16:45  Hydralisk  
  70  16:46  Hydralisk x8  
  88  17:04  Baneling x7  
  88  17:05  Baneling x20  
  64  17:42  Corruptor x5, Greater Spire  
  68  18:11  Hydralisk x7  
  80  18:22  Drone  
  80  18:23  Drone x7  
  88  18:38  Ultralisk Cavern  
  76  19:12  Drone  
  76  19:13  Drone  
  76  19:15  Drone x8  
  85  19:39  Extractor x2  
  83  19:47  Ultralisk  
  83  19:48  Ultralisk x2  
  83  19:51  Overlord x2  
  83  19:52  Overlord x3  
  101  20:05  Zergling x4  
  103  20:09  Zergling x4  
  103  20:10  Zergling x12  
  111  20:18  Chitinous Plating  
  111  20:26  Baneling x3  
  111  20:27  Baneling  
  111  20:39  Zerg Flyer Armor Level 2  
  111  20:47  Drone x2  
  111  20:49  Drone  
  114  21:05  Drone x6  
  114  21:08  Hatchery  
  114  21:11  Ultralisk  
  125  21:12  Corruptor  
  124  21:29  Baneling x10  
  124  21:30  Zergling x6  
  124  21:31  Zergling x10  
  132  21:37  Anabolic Synthesis  
  132  21:55  Ultralisk  
  138  22:23  Zergling x20  
  138  22:24  Zergling x2  
  149  22:35  Overlord x3  
  118  23:03  Drone  
  118  23:04  Drone x6  
  125  23:07  Extractor x2  
  116  23:36  Ultralisk x8  
  164  23:47  Drone  
  164  23:48  Drone x8  
  163  24:31  Corruptor  
  163  24:32  Corruptor x4  
  163  24:33  Overlord  
  163  24:34  Overlord x5  
  173  24:40  Baneling x9  
  173  25:21  Zergling x4  
  173  25:22  Zergling x28  
  173  25:27  Hatchery  
  169  26:00  Zerg Flyer Armor Level 3  
  163  26:29  Corruptor  
  163  26:30  Corruptor x7  
  170  26:59  Zergling x2  
  170  27:00  Zergling x28  
  177  27:12  Hatchery  
  168  27:23  Drone x3  
  171  27:37  Zergling x2  
  171  27:38  Zergling x20  
  182  28:07  Baneling x5  
  182  28:08  Baneling x27  
  182  28:10  Zergling x22  
  193  28:22  Queen x3  
Show
View Real Time Build Order
Export as new Build Order

ECKiller Terran 

Build Orders:  

Get SALT Encoding   

  12  0:01  SCV  
  13  0:15  Supply Depot  
  13  0:18  SCV  
  14  0:30  SCV  
  15  0:39  Barracks  
  15  0:42  SCV  
  16  0:52  Barracks  
  16  0:54  SCV  
  17  1:03  Refinery  
  17  1:06  SCV  
  18  1:13  Refinery  
  18  1:18  SCV  
  19  1:27  Marine  
  20  1:33  Orbital Command  
  20  1:47  Barracks Tech Lab  
  20  1:48  Supply Depot  
  20  1:52  Marine  
  21  2:02  Factory  
  21  2:05  SCV  
  22  2:10  Marine x2  
  24  2:19  Stimpack  
  24  2:21  SCV  
  25  2:28  Marine  
  26  2:33  SCV  
  26  2:36  Barracks Reactor  
  27  2:41  Supply Depot  
  26  2:45  Marine, SCV  
  26  2:47  Factory Reactor  
  28  2:57  Starport  
  28  2:59  SCV  
  28  3:03  Marine  
  30  3:07  Supply Depot  
  30  3:12  Marine  
  30  3:13  Marine  
  32  3:30  Supply Depot  
  32  3:33  Hellion  
  34  3:36  Marine  
  34  3:37  Marine x2  
  37  3:41  Medivac  
  37  3:42  Medivac  
  41  3:56  Supply Depot  
  41  3:57  Hellion  
  41  3:58  Combat Shield  
  41  3:59  Marine  
  41  4:01  Marine  
  45  4:04  Marine  
  46  4:11  Medivac  
  46  4:17  Marine  
  48  4:19  Marine  
  48  4:21  Marine  
  48  4:22  Hellion  
  53  4:28  Medivac  
  55  4:32  Supply Depot  
  55  4:34  Marine  
  55  4:37  Marine  
  57  4:41  Liberator  
  57  4:43  Marine, Hellion  
  60  4:52  Marine  
  60  4:54  Marine  
  65  5:01  Marine  
  66  5:10  Marine  
  66  5:12  Marine  
  68  5:18  Liberator  
  68  5:26  Factory Tech Lab  
  71  5:45  Command Center  
  71  5:53  Engineering Bay  
  62  6:40  Marine x3  
  65  6:50  Liberator x2  
  63  6:58  Marine x3  
  67  7:08  Siege Tank  
  57  7:16  Marine x3  
  59  7:33  Liberator  
  59  7:40  Siege Tank  
  62  7:56  Marine  
  63  8:04  Planetary Fortress  
  63  8:14  Marine  
  63  8:15  Barracks  
  63  8:17  Barracks  
  64  8:32  Marine  
  65  8:43  Refinery x2  
  43  9:39  Liberator  
  39  9:48  Liberator  
  39  9:52  Marine x2  
  36  9:53  Marine x2  
  36  9:55  Siege Tank  
  46  10:10  Marine x3  
  46  10:12  Barracks Reactor  
  50  10:20  Barracks Reactor  
  49  10:27  Siege Tank  
  49  10:28  Marine x3, SCV  
  53  10:40  SCV  
  54  10:46  Marine x2  
  56  10:57  Marine x3  
  56  10:58  Marine  
  56  10:59  Siege Tank  
  56  11:04  Marine x2  
  65  11:15  Marine x2  
  60  11:53  Marine x7  
  67  11:55  Siege Tank  
  67  11:56  Medivac x2  
  74  12:03  Starport, Armory  
  74  12:04  Terran Infantry Weapons Level 1  
  74  12:10  Marine x2, Fusion Core  
  74  12:11  Marine x3  
  79  12:22  Marine  
  79  12:23  Marine  
  79  12:25  SCV  
  79  12:27  Siege Tank  
  79  12:28  Marine  
  86  12:35  Command Center  
  86  12:50  Marine x2, SCV  
  86  13:46  Marine x7  
  79  14:04  Marine x7  
  79  14:08  Planetary Fortress  
  86  14:21  Marine x7  
  67  14:39  Marine x6  
  70  14:57  Marine x4  
  70  14:58  Marine x3  
  65  15:15  Marine x6  
  65  15:19  Marine  
  70  15:33  Marine x4  
  68  15:47  Starport Tech Lab  
  68  15:49  Siege Tank  
  71  16:01  SCV  
  72  16:16  SCV  
  73  16:19  Battlecruiser  
  79  16:28  SCV  
  80  16:40  SCV, Battlecruiser  
  87  16:52  Marine x4  
  87  16:53  Marine x2  
  93  16:56  SCV  
  94  17:03  Terran Vehicle Weapons Level 1  
  51  17:40  Battlecruiser  
  51  18:08  Battlecruiser  
  51  18:10  Marine x8  
  59  18:16  Siege Tank  
  62  18:27  Marine  
  62  18:28  Marine x4  
  67  19:01  Marine x3  
  67  19:02  Marine x5  
  69  19:13  Terran Infantry Weapons Level 2  
  69  19:19  Marine x4  
  69  19:20  SCV  
  69  19:22  Engineering Bay  
  74  19:32  SCV  
  69  19:54  SCV  
  70  20:06  SCV  
  71  20:15  Battlecruiser  
  71  20:17  Battlecruiser  
  71  20:18  Siege Tank  
  71  20:19  SCV x2  
  88  20:21  Marine x2  
  88  20:22  Marine x2  
  88  20:26  Terran Infantry Armor Level 1  
  92  20:31  SCV  
  93  20:41  Terran Vehicle Weapons Level 2  
  93  20:44  Command Center  
  93  20:50  Siege Tank  
  96  21:12  Marine x5  
  101  21:41  Supply Depot  
  101  21:55  Marine x8, Siege Tank  
  101  21:59  Planetary Fortress  
  112  22:05  Supply Depot  
  112  22:13  Marine x5, Battlecruiser  
  123  22:27  Siege Tank, Battlecruiser  
  123  22:29  Supply Depot  
  84  22:54  Marine x3  
  84  22:55  Marine x5  
  83  23:01  Siege Tank  
  86  23:07  SCV  
  86  23:10  SCV  
  86  23:12  Marine x4  
  90  23:13  Marine x4  
  90  23:19  SCV  
  97  23:20  Orbital Command  
  97  23:30  Marine x5  
  97  23:31  Marine x3  
  97  23:33  Siege Tank  
  108  23:48  Marine x4  
  110  23:49  Battlecruiser  
  110  23:55  Refinery  
  118  23:56  Refinery  
  118  24:01  SCV  
  119  24:03  SCV  
  119  24:05  Siege Tank  
  123  24:13  SCV  
  123  24:16  SCV  
  125  24:25  SCV  
  125  24:51  Marine x8  
  133  24:54  Battlecruiser  
  139  25:08  Marine  
  140  25:29  Marine  
  140  25:30  Marine  
  93  25:45  Marine x4  
  93  25:46  Marine x2  
  93  25:47  Marine  
  93  25:48  Marine  
  101  25:50  Terran Infantry Weapons Level 3  
  101  26:03  Marine x6  
  107  26:05  Marine  
  107  26:06  Marine  
  108  26:21  Marine x2  
  101  26:37  Marine x2  
  101  26:38  Marine x5  
  101  26:39  Marine  
  109  26:50  Refinery  
  109  26:52  Refinery  
  109  26:55  Marine x4  
  109  26:56  Marine x4  
  117  27:13  Marine x6  
  117  27:14  Marine x2  
  107  27:31  Marine x6, Refinery  
  107  27:32  Marine x2  
  115  27:38  Refinery  
  116  27:48  Marine x2  
  116  27:49  Marine  
  112  28:45  Medivac  
Tags
 
Add a new tag
Caveats
  • Supply blocks, unpowered buildings, or Contaminate may cause inaccurate times.
  • Supply counts are checked every 10 seconds.